 Dungeon Crawl Stone Soup version 0.26.1-11-gd32895ea62 (webtiles) character file.

Game seed: 11909384345146022518

76 Kukuleta the Firebug (level 4, -3/33 HPs)
             Began as a Human Fire Elementalist on June 22, 2021.
             Killed by nerve-wracking pain
             ... invoked by Grinder
              (11 damage)
             ... while paralysed by Grinder
             ... on level 3 of the Dungeon.
             The game lasted 00:16:29 (3548 turns).

Kukuleta the Firebug (Human Fire Elementalist)      Turns: 3548, Time: 00:16:30

Health: -3/33      AC:  3    Str:  8    XL:     4   Next: 57%
Magic:  8/8        EV:  2    Int: 17    God:
Gold:   165        SH:  0    Dex: 13    Spells: 7/8 levels left

rFire    . . .     SeeInvis .   t - +1 short sword (venom)
rCold    . . .     Faith    .   (no shield)
rNeg     . . .     Spirit   .   a - +0 robe
rPois    +         Reflect  .   (no helmet)
rElec    .         Harm     .   l - +0 cloak
rCorr    .         Rampage  .   (no gloves)
Will     .....                  (no boots)
Stlth    ++........             (no amulet)
HPRegen  0.11/turn              c - ring of poison resistance
MPRegen  0.11/turn              (no ring)

@: paralysed
A: no striking features
a: no special abilities


You were on level 3 of the Dungeon.
You visited 1 branch of the dungeon, and saw 3 of its levels.

You collected 165 gold pieces.

Inventory:

Hand Weapons
 g - a +0 dagger
 n - a +0 rapier
 t - a +1 short sword of venom (weapon)
Armour
 a - a +0 robe (worn)
 l - a +0 cloak (worn)
Jewellery
 c - a ring of poison resistance (left hand)
 d - a cursed ring of attention {unknown}
 j - a cursed amulet of regeneration {unknown}
Scrolls
 e - 2 scrolls of teleportation {unknown}
 f - 2 scrolls of enchant armour {unknown}
 h - 2 scrolls of amnesia {unknown}
 i - 7 scrolls of identify {unknown}
 k - a scroll of immolation {unknown}
 m - a scroll of enchant weapon {unknown}
 o - a scroll of remove curse {unknown}
 p - a scroll of blinking {unknown}
Potions
 b - 5 potions of curing {unknown}
 q - a potion of degeneration {unknown}
 r - a potion of might {unknown}
 s - a potion of haste {unknown}


   Skills:
 + Level 1.8 Fighting
 + Level 0.0 Short Blades
 - Level 2.0 Dodging
 - Level 2.0 Stealth
 + Level 2.7 Spellcasting
 - Level 2.1 Conjurations
 * Level 3.3 Fire Magic


You had 7 spell levels left.
You knew the following spells:

 Your Spells              Type           Power        Failure   Level
a - Foxfire               Conj/Fire      44%          6%          1

Your spell library contained the following spells:

 Spells                   Type           Power        Failure   Level
 Conjure Flame            Conj/Fire      11%          17%         3
 Inner Flame              Hex/Fire       8%           26%         3
 Sticky Flame             Conj/Fire      11%          50%         4
 Fireball                 Conj/Fire      5%           85%         5


Dungeon Overview and Level Annotations

Branches:
Dungeon (3/15)

Altars:
Fedhas
Kikubaaqudgha
Zin

Shops:
D:2 *

Annotations:
D:2 Ijyb
D:3 Grinder


Message History

The bat misses you.
Grinder says, "FISH!"
You hit the bat.
You kill the bat!
You barely miss Grinder.
Grinder is lightly wounded.
Grinder gestures at you. Pain shoots through your body!
Grinder blinks!
Grinder gestures at you.
You suddenly lose the ability to move!
Grinder gestures at you. You resist with significant effort.
Grinder gestures at you. Pain shoots through your body!
* * * LOW HITPOINT WARNING * * *
Grinder says, "FISH!"
Grinder gestures at you. Pain shoots through your body!
You die...

. #.# ##.#.#####
........######
..##.......#
##.#..####.########
#.......##.##.....#
#..#..#.##.##.....######
#.#..........5@..........#
#......†#.#####.....####.#
###.##.##.# #..>..# #.#
#.......# ####### #.#
#......## ##.## #.##.#.#
##...## ... ....# ##.....#
.... ...... #......# ...
....(.## #......#


You could see Grinder.

Vanquished Creatures
  Robin (D:2)
  An adder (D:2)
  A dart slug (D:3)
  A leopard gecko (D:2)
  2 ball pythons
  6 bats
  A giant cockroach (D:2)
  15 goblins
  4 hobgoblins
  4 jackals (D:2)
  2 quokkas (D:2)
  2 kobolds
  4 rats
44 creatures vanquished.

Vanquished Creatures (collateral kills)
  A foxfire (D:3)
1 creature vanquished.

Vanquished Creatures (others)
  35 foxfires
35 creatures vanquished.

Grand Total: 80 creatures vanquished

Notes
Turn   | Place    | Note
-------+----------+-------------------------------------------
     0 | D:1      | Kukuleta the Human Fire Elementalist began the quest for
                  | the Orb.
     0 | D:1      | Reached XP level 1. HP: 13/13 MP: 3/3
   732 | D:2      | Reached XP level 2. HP: 20/20 MP: 5/5
  1164 | D:2      | Found an ancient bone altar of Kikubaaqudgha.
  1520 | D:2      | Reached skill level 1 in Fighting
  1520 | D:2      | Reached XP level 3. HP: 15/26 MP: 2/6
  1904 | D:2      | Noticed Robin
  2363 | D:2      | Killed Robin
  2364 | D:2      | Reached XP level 4. HP: 15/33 MP: 7/7
  2576 | D:2      | Found a blossoming altar of Fedhas.
  2712 | D:2      | Found Zin's Purification Station.
  2715 | D:2      | Found a glowing silver altar of Zin.
  2988 | D:3      | Noticed Ijyb
  3508 | D:3      | Noticed Grinder
  3542 | D:3      | Paralysed by Grinder for 7 turns
  3548 | D:3      | Killed from afar by Grinder

Illustrated notes

Levels and vault maps discovered:
D:1:      lightli_arrival_chessboard, layout_loops_ring, minmay_tromino_v4_c
D:2:      layout_basic, zin_purify, lemuel_crystal_altar,
          general_overflow_altar, uniq_robin
D:3:      layout_loops_cross, minmay_bisected, uniq_grinder, uniq_ijyb

Skill      XL: |  1  2  3 |
---------------+----------+-----
Fighting       | 1 |  1.8
Conjurations   | 2 |  2.1
Dodging        | |  2.0
Stealth        | |  2.0
Spellcasting   | |  2.7
Fire Magic     | |  3.3

Action                   |  1- 3 |  4- 6 || total
-------------------------+-------+-------++-------
Melee: Dagger            |    69 |       ||    69
       Unarmed           |     7 |       ||     7
       Rapier            |    44 |    55 ||    99
       Short sword       |       |    14 ||    14
 Cast: Foxfire           |    14 |     9 ||    23
 Stab: Sleeping          |     2 |     1 ||     3
       Distracted        |     1 |       ||     1
Armor: Robe              |    48 |    26 ||    74
Dodge: Dodged            |   122 |    68 ||   190
